TOP OF THE 1ST |
San Antonio BC batting - Pitching for Salem Misfits : RHP Martín Aguilar
|
Pitching: RHP Martín Aguilar
|
|
Batting: SHB Tom Chagolla
|
0-0: Called Strike 0-1: Foul Ball, location: 2F 0-2: Ball 1-2: Strikes out swinging
|
Batting: LHB Sidney Dollarhide
|
0-0: Called Strike 0-1: SINGLE (Line Drive, 5D)
|
Batting: RHB Mike Howard
|
0-0: Swinging Strike 0-1: Fly out, F7 (Flyball, 7)
|
Batting: RHB Chet Mathis
|
0-0: Swinging Strike 0-1: 2-RUN HOME RUN (Flyball, 78XD), Distance : 418 ft
|
Batting: RHB Tom Bancroft
|
0-0: Swinging Strike 0-1: Foul Ball, location: 2F 0-2: Ball 1-2: Ball 2-2: Ball 3-2: Base on Balls
|
Batting: RHB Alfonso Torres
|
0-0: Ball 1-0: Ball 2-0: SINGLE (Groundball, 3) (infield hit) Tom Bancroft to second
|
Batting: RHB Silverberry Mouhon
|
0-0: Ball 1-0: Ball 2-0: Ball 3-0: Base on Balls Tom Bancroft to third Alfonso Torres to second
|
Batting: RHB José Salinas
|
0-0: Called Strike 0-1: Foul Ball, location: 2F 0-2: Ball 1-2: Ground out 1-3 (Groundball, P)
|
Top of the 1st over - 2 runs, 3 hits, 0 errors, 3 left on base; San Antonio 2 - Salem 0 |
BOTTOM OF THE 1ST |
Salem Misfits batting - Pitching for San Antonio BC : RHP Nate Randall
|
Pitching: RHP Nate Randall
|
|
Batting: SHB Soren Loen
|
0-0: Called Strike 0-1: Ball 1-1: Ball 2-1: Foul Ball, location: 2F 2-2: Strikes out swinging
|
Batting: RHB Mariano Saelices
|
0-0: SINGLE (Groundball, 6MD)
|
Batting: LHB Gary Malone
|
0-0: Foul Ball, location: 2F 0-1: Foul Ball, location: 2F 0-2: Fly out, F7 (Flyball, 7S)
|
Batting: LHB Bill Gracián
|
0-0: Called Strike 0-1: Swinging Strike 0-2: Ball 1-2: Ball 2-2: SINGLE (Line Drive, 9LS) Mariano Saelices to second
|
Batting: RHB Charles Basle
|
0-0: Fly out, F4 (Line Drive, 4)
|
Bottom of the 1st over - 0 runs, 2 hits, 0 errors, 2 left on base; San Antonio 2 - Salem 0 |
TOP OF THE 2ND |
San Antonio BC batting - Pitching for Salem Misfits : RHP Martín Aguilar
|
Batting: RHB Brodie Floyd
|
0-0: Ball 1-0: Ball 2-0: Called Strike 2-1: Fly out, F8 (Flyball, 8RM)
|
Batting: SHB Tom Chagolla
|
0-0: Called Strike 0-1: Ball 1-1: Ball 2-1: Foul Ball, location: 2F 2-2: Foul Ball, location: 2F 2-2: Ball 3-2: Base on Balls
|
Batting: LHB Sidney Dollarhide
|
0-0: Fielders Choice at 2nd, 3-6 (Groundball, 3)
|
Batting: RHB Mike Howard
|
0-0: Ball 1-0: Ball 2-0: Swinging Strike 2-1: Ball Sidney Dollarhide steals 2nd base 3-1: Called Strike 3-2: Base on Balls
|
Batting: RHB Chet Mathis
|
0-0: Called Strike 0-1: Called Strike 0-2: Ball 1-2: Strikes out looking
|
Top of the 2nd over - 0 runs, 0 hits, 0 errors, 2 left on base; San Antonio 2 - Salem 0 |
BOTTOM OF THE 2ND |
Salem Misfits batting - Pitching for San Antonio BC : RHP Nate Randall
|
Batting: RHB Jean Couturier
|
0-0: Foul Ball, location: 2F 0-1: Called Strike 0-2: Ball 1-2: Foul Ball, location: 2F 1-2: Ball 2-2: Foul Ball, location: 2F 2-2: Ball 3-2: Fly out, F8 (Flyball, 8LM)
|
Batting: RHB Nelson Rivera
|
0-0: Ball 1-0: Ball 2-0: Ball 3-0: Called Strike 3-1: Foul Ball, location: 2F 3-2: Foul Ball, location: 2F 3-2: Base on Balls
|
Batting: RHB Atanza Vongor
|
0-0: Ball 1-0: Called Strike 1-1: Fly out, F9 (Flyball, 9LSF)
|
Batting: RHB Damon Newbold
|
0-0: Called Strike 0-1: Ball Nelson Rivera steals 2nd base 1-1: Ball 2-1: Ground out 6-3 (Groundball, 6)
|
Bottom of the 2nd over - 0 runs, 0 hits, 0 errors, 1 left on base; San Antonio 2 - Salem 0 |
TOP OF THE 3RD |
San Antonio BC batting - Pitching for Salem Misfits : RHP Martín Aguilar
|
Batting: RHB Tom Bancroft
|
0-0: DOUBLE (Line Drive, 78D)
|
Batting: RHB Alfonso Torres
|
0-0: Swinging Strike 0-1: Ball 1-1: Ball 2-1: Swinging Strike 2-2: Strikes out swinging
|
Batting: RHB Silverberry Mouhon
|
0-0: Ball 1-0: Called Strike 1-1: Ball 2-1: Fly out, F9 (Line Drive, 9)
|
Batting: RHB José Salinas
|
0-0: Ground out 5-3 (Groundball, 5S)
|
Top of the 3rd over - 0 runs, 1 hit, 0 errors, 1 left on base; San Antonio 2 - Salem 0 |
BOTTOM OF THE 3RD |
Salem Misfits batting - Pitching for San Antonio BC : RHP Nate Randall
|
Batting: SHB Soren Loen
|
0-0: Ball 1-0: Ball 2-0: Ball 3-0: Base on Balls
|
Batting: RHB Mariano Saelices
|
0-0: Swinging Strike 0-1: Ball 1-1: Fly out, F9 (Flyball, 9S)
|
Batting: LHB Gary Malone
|
0-0: Ball Soren Loen steals 2nd base 1-0: Foul Ball, location: 2F 1-1: Called Strike 1-2: 2-RUN HOME RUN (Flyball, 9LD), Distance : 349 ft
|
Batting: LHB Bill Gracián
|
0-0: Ball 1-0: Ball 2-0: DOUBLE (Line Drive, 8LXD)
|
Batting: RHB Charles Basle
|
0-0: SINGLE (Groundball, 4MD) Bill Gracián to third Runner from 3rd tries for Home, SAFE, no throw
|
Batting: RHB Jean Couturier
|
0-0: Called Strike 0-1: Foul Ball, location: 2F 0-2: Ball 1-2: Ball 2-2: Grounds into double play, 6-4-3 (Groundball, 6)
|
Bottom of the 3rd over - 3 runs, 3 hits, 0 errors, 0 left on base; San Antonio 2 - Salem 3 |
TOP OF THE 4TH |
San Antonio BC batting - Pitching for Salem Misfits : RHP Martín Aguilar
|
Batting: RHB Brodie Floyd
|
0-0: Ball 1-0: Ball 2-0: Foul Ball, location: 2F 2-1: Foul Ball, location: 2F 2-2: Ball 3-2: Strikes out swinging
|
Batting: SHB Tom Chagolla
|
0-0: Ball 1-0: Ball 2-0: Called Strike 2-1: SINGLE (Groundball, 5S) (infield hit)
|
Batting: LHB Sidney Dollarhide
|
0-0: SINGLE (Line Drive, 4MD) Tom Chagolla to second
|
Batting: RHB Mike Howard
|
0-0: Called Strike 0-1: Foul Ball, location: 2F 0-2: Ball 1-2: Foul Ball, location: 2F 1-2: Ball 2-2: Strikes out looking
|
Batting: RHB Chet Mathis
|
0-0: Ball 1-0: Ball 2-0: Foul Ball, location: 2F 2-1: Ball 3-1: Foul Ball, location: 2F 3-2: Foul Ball, location: 2F 3-2: Foul Ball, location: 2F 3-2: Foul Ball, location: 2F 3-2: Fly out, F8 (Flyball, 8LXD)
|
Top of the 4th over - 0 runs, 2 hits, 0 errors, 2 left on base; San Antonio 2 - Salem 3 |
BOTTOM OF THE 4TH |
Salem Misfits batting - Pitching for San Antonio BC : RHP Nate Randall
|
Batting: RHB Nelson Rivera
|
0-0: Foul Ball, location: 2F 0-1: Ground out 5-3 (Groundball, 56)
|
Batting: RHB Atanza Vongor
|
0-0: Fly out, F8 (Flyball, 8LXD)
|
Batting: RHB Damon Newbold
|
0-0: Foul Ball, location: 2F 0-1: Fly out, F4 (Popup, 4M)
|
Bottom of the 4th over - 0 runs, 0 hits, 0 errors, 0 left on base; San Antonio 2 - Salem 3 |
TOP OF THE 5TH |
San Antonio BC batting - Pitching for Salem Misfits : RHP Martín Aguilar
|
Batting: RHB Tom Bancroft
|
0-0: Called Strike 0-1: Ball 1-1: SINGLE (Flyball, 8LS)
|
Pitching: RHP Chris Hughes
|
|
Batting: RHB Alfonso Torres
|
0-0: Ball 1-0: Sac Bunt - play at first, batter OUT! 5-4 Tom Bancroft to second
|
Batting: RHB Silverberry Mouhon
|
0-0: Foul Ball, location: 2F 0-1: Foul Ball, location: 2F 0-2: Ball 1-2: Ball 2-2: Strikes out swinging
|
Batting: RHB José Salinas
|
0-0: Ball 1-0: Called Strike 1-1: Called Strike 1-2: Ball 2-2: Strikes out swinging
|
Top of the 5th over - 0 runs, 1 hit, 0 errors, 1 left on base; San Antonio 2 - Salem 3 |
BOTTOM OF THE 5TH |
Salem Misfits batting - Pitching for San Antonio BC : RHP Nate Randall
|
Batting: SHB Soren Loen
|
0-0: Ball 1-0: Ball 2-0: Ball 3-0: Base on Balls
|
Batting: RHB Mariano Saelices
|
0-0: Sac Bunt - play at first, batter safe! Soren Loen to second
|
Batting: LHB Gary Malone
|
0-0: Ball 1-0: Called Strike 1-1: SINGLE (Groundball, 4MD) Soren Loen to third Mariano Saelices to second
|
Batting: LHB Bill Gracián
|
0-0: Ball 1-0: Foul Ball, location: 2F 1-1: Called Strike 1-2: Foul Ball, location: 2F 1-2: Foul Ball, location: 2F 1-2: Ball 2-2: SINGLE (Line Drive, 4D) Soren Loen scores Mariano Saelices to third Gary Malone to second
|
Batting: RHB Charles Basle
|
0-0: SINGLE (Line Drive, 4D) Mariano Saelices scores Gary Malone to third Bill Gracián to second Runner from 3rd tries for Home, SAFE, no throw
|
Pitching: RHP Tomás Apresentao
|
|
Batting: RHB Jean Couturier
|
0-0: Bunted foul 0-1: Bunted foul 0-2: Foul Ball, location: 2F 0-2: Ball 1-2: SINGLE (Groundball, 56D) Bill Gracián to third Charles Basle to second Runner from 3rd tries for Home, SAFE, throw made home
|
Batting: RHB Nelson Rivera
|
0-0: Foul Ball, location: 2F 0-1: Ball 1-1: Ball 2-1: Sac Bunt - play at third, runner safe! Jean Couturier to second
|
Batting: RHB Atanza Vongor
|
0-0: Ball 1-0: Foul Ball, location: 2F 1-1: Swinging Strike 1-2: Foul Ball, location: 2F 1-2: Foul Ball, location: 2F 1-2: Single, Error in OF, E8, batter to second base Charles Basle scores Jean Couturier scores Nelson Rivera to third
|
Batting: RHB Damon Newbold
|
0-0: Ball 1-0: Fly out, F9 (Line Drive, 89D) Runner from 3rd tags up, SCORES, throw made
|
Batting: SHB Soren Loen
|
0-0: Ball 1-0: Foul Ball, location: 2F 1-1: Called Strike 1-2: Ground out 6-3 (Groundball, 6M) Atanza Vongor to third
|
Batting: RHB Mariano Saelices
|
0-0: Called Strike 0-1: Ground out 5-3 (Groundball, 5S)
|
Bottom of the 5th over - 7 runs, 6 hits, 1 error, 1 left on base; San Antonio 2 - Salem 10 |
TOP OF THE 6TH |
San Antonio BC batting - Pitching for Salem Misfits : RHP Chris Hughes
|
Batting: RHB Brodie Floyd
|
0-0: Called Strike 0-1: Called Strike 0-2: Foul Ball, location: 2F 0-2: Strikes out swinging
|
Batting: SHB Tom Chagolla
|
0-0: Ground out 5-3 (Groundball, 5)
|
Batting: LHB Sidney Dollarhide
|
0-0: Ball 1-0: Foul Ball, location: 2F 1-1: TRIPLE (Line Drive, 89XD)
|
Batting: RHB Mike Howard
|
0-0: Ball 1-0: Foul Ball, location: 2F 1-1: Ball 2-1: Ball 3-1: Foul Ball, location: 2F 3-2: Strikes out swinging
|
Top of the 6th over - 0 runs, 1 hit, 0 errors, 1 left on base; San Antonio 2 - Salem 10 |
BOTTOM OF THE 6TH |
Salem Misfits batting - Pitching for San Antonio BC : RHP Tomás Apresentao
|
Batting: LHB Gary Malone
|
0-0: Ground out 4-3 (Groundball, 4)
|
Batting: LHB Bill Gracián
|
0-0: Swinging Strike 0-1: Called Strike 0-2: Foul Ball, location: 2F 0-2: Ball 1-2: Hit by Pitch
|
Batting: RHB Charles Basle
|
0-0: Ball 1-0: Swinging Strike 1-1: Foul Ball, location: 2F 1-2: Foul Ball, location: 2F 1-2: Foul Ball, location: 2F 1-2: Fly out, F5 (Line Drive, 5)
|
Batting: RHB Jean Couturier
|
0-0: Foul Ball, location: 2F 0-1: Ball 1-1: Ball Bill Gracián steals 2nd base 2-1: Foul Ball, location: 2F 2-2: 2-RUN HOME RUN (Flyball, 7D), Distance : 373 ft
|
Batting: RHB Nelson Rivera
|
0-0: Ball 1-0: Foul Ball, location: 2F 1-1: Ball 2-1: Ground out 3-1 (Groundball, 34S)
|
Bottom of the 6th over - 2 runs, 1 hit, 0 errors, 0 left on base; San Antonio 2 - Salem 12 |
TOP OF THE 7TH |
San Antonio BC batting - Pitching for Salem Misfits : RHP Chris Hughes
|
Batting: RHB Chet Mathis
|
0-0: Ball 1-0: Called Strike 1-1: Swinging Strike 1-2: Foul Ball, location: 2F 1-2: Foul Ball, location: 2F 1-2: Strikes out looking
|
Batting: RHB Tom Bancroft
|
0-0: Ball 1-0: Fly out, F5 (Popup, 56S)
|
Batting: RHB Alfonso Torres
|
0-0: Ball 1-0: SINGLE (Line Drive, 8RS)
|
Batting: RHB Silverberry Mouhon
|
0-0: Called Strike Alfonso Torres steals 2nd base 0-1: SINGLE (Groundball, 34D) Alfonso Torres to third Runner from 3rd tries for Home, SAFE, no throw
|
Batting: RHB José Salinas
|
0-0: Ball 1-0: Ball 2-0: Foul Ball, location: 2F 2-1: Fly out, F6 (Line Drive, 6)
|
Top of the 7th over - 1 run, 2 hits, 0 errors, 1 left on base; San Antonio 3 - Salem 12 |
BOTTOM OF THE 7TH |
Salem Misfits batting - Pitching for San Antonio BC : RHP Tomás Apresentao
|
Batting: RHB Atanza Vongor
|
0-0: Foul Ball, location: 2F 0-1: Called Strike 0-2: Strikes out swinging
|
Batting: RHB Damon Newbold
|
0-0: Called Strike 0-1: Ball 1-1: Ball 2-1: Foul Ball, location: 2F 2-2: Strikes out swinging
|
Batting: SHB Soren Loen
|
0-0: Ball 1-0: Swinging Strike 1-1: Foul Ball, location: 2F 1-2: Ball 2-2: Ball 3-2: DOUBLE (Flyball, 8LD)
|
Batting: RHB Mariano Saelices
|
0-0: Ball 1-0: Fly out, F8 (Line Drive, 78M)
|
Bottom of the 7th over - 0 runs, 1 hit, 0 errors, 1 left on base; San Antonio 3 - Salem 12 |
TOP OF THE 8TH |
San Antonio BC batting - Pitching for Salem Misfits : RHP Chris Hughes
|
Now at 3B: Lu Tsai
|
|
Batting: RHB Brodie Floyd
|
0-0: Ball 1-0: Ball 2-0: Called Strike 2-1: Ball 3-1: Fly out, F7 (Flyball, 78S)
|
Batting: SHB Tom Chagolla
|
0-0: Ball 1-0: Ball 2-0: Ball 3-0: Called Strike 3-1: Called Strike 3-2: Base on Balls
|
Batting: LHB Sidney Dollarhide
|
0-0: Ball 1-0: Ball 2-0: Foul Ball, location: 2F 2-1: Ball 3-1: Base on Balls Tom Chagolla to second
|
Pitching: RHP Andrés Canó
|
|
Batting: RHB Mike Howard
|
0-0: Called Strike 0-1: Called Strike 0-2: Ball 1-2: Fly out, F6 (Line Drive, 6M)
|
Batting: RHB Chet Mathis
|
0-0: Ball 1-0: Fly out, F6 (Line Drive, 6)
|
Top of the 8th over - 0 runs, 0 hits, 0 errors, 2 left on base; San Antonio 3 - Salem 12 |
BOTTOM OF THE 8TH |
Salem Misfits batting - Pitching for San Antonio BC : RHP Tomás Apresentao
|
Batting: LHB Gary Malone
|
0-0: Ball 1-0: SINGLE (Groundball, 56S) (infield hit)
|
Pitching: RHP Joseph Barrier
|
|
Batting: LHB Bill Gracián
|
0-0: Ball 1-0: SINGLE (Line Drive, 34D) Gary Malone to second Runner from 2nd tries for 3rd, SAFE, no throw
|
Batting: RHB Charles Basle
|
0-0: Fielders Choice at 2nd, 6-4 (Groundball, 6) Gary Malone scores
|
Batting: RHB Jean Couturier
|
0-0: Called Strike 0-1: Ball 1-1: Fielders Choice at 2nd, 5-4 (Groundball, 5)
|
Batting: RHB Nelson Rivera
|
0-0: Ball 1-0: Called Strike 1-1: Ball 2-1: SINGLE (Groundball, 56D) Jean Couturier to second
|
Batting: RHB Atanza Vongor
|
0-0: Ball 1-0: Ball 2-0: SINGLE (Line Drive, 3D) Jean Couturier to third Nelson Rivera to second Runner from 3rd tries for Home, SAFE, no throw
|
Batting: RHB Lu Tsai
|
0-0: Foul Ball, location: 2F 0-1: Ball 1-1: Fielders Choice at 2nd, 6-4 (Groundball, 6)
|
Bottom of the 8th over - 2 runs, 4 hits, 0 errors, 2 left on base; San Antonio 3 - Salem 14 |
TOP OF THE 9TH |
San Antonio BC batting - Pitching for Salem Misfits : RHP Andrés Canó
|
Now at 1B: Pedro Reyes
|
|
Batting: RHB Tom Bancroft
|
0-0: Ball 1-0: Ball 2-0: Called Strike 2-1: Ground out 1-3 (Groundball, 13S)
|
Batting: RHB Alfonso Torres
|
0-0: Ground out 4-3 (Groundball, 4)
|
Batting: RHB Silverberry Mouhon
|
0-0: Ground out 5-3 (Groundball, 56)
|
Top of the 9th over - 0 runs, 0 hits, 0 errors, 0 left on base; San Antonio 3 - Salem 14 |
|